[Event "Titled Tuesday Blitz July 18 Early 2023"]
[White "Pham, Khoi"]
[Black "demon64fields"]
[WhiteFideId "1054988"]
[WhiteElo "2603"]
[BlackElo "2887"]
[Result "1-0"]
[Round "7"]
[TimeControl "180+2"]
[Date "2023.07.18"]
[WhiteClock "0:01:20"]
[BlackClock "0:01:06"]
[Board "34"]

1. e4 g6 2. d4 Bg7 3. Nf3 c6 4. Nc3 d5 5. h3 Nf6 6. e5 Ne4 7. Nxe4 dxe4 8. Ng5 c5 9. c3 cxd4 10. Qxd4 Qc7 11. Qc4 Qxc4 12. Bxc4 O-O 13. Nxe4 Bxe5 14. O-O Nc6 15. Be3 b6 16. Rad1 Rd8 17. Ng5 e6 18. Rxd8+ Nxd8 19. Rd1 Bb7 20. f4 Bf6 21. Rd7 Bc6 22. Rc7 Bb7 23. Nxf7 Bd5 24. Nh6+ Kh8 25. Ng4 Bg7 26. Bd4 Bxd4+ 27. cxd4 Kg8 28. Nf6+ Kf8 29. Nxh7+ Kg8 30. Nf6+ Kf8 31. Bxd5 exd5 32. Nxd5 Ne6 33. Rh7 Rd8 34. Rh8+ Kf7 35. Rxd8 Nxd8 36. Kf2 Ke6 37. Nc3 Nb7 38. Ke3 Nd6 39. d5+ Kd7 40. Kd4 b5 41. g4 b4 42. Ne4 Nb5+ 43. Kc5 b3 44. axb3 1-0


[Site "https://www.chess.com"]

[Event "Titled Tuesday Blitz July 18 Early 2023"]
[White "Arat, Ufuk Sezen"]
[Black "Vitiugov, Nikita"]
[WhiteFideId "6309089"]
[BlackFideId "4152956"]
[WhiteElo "2601"]
[BlackElo "2844"]
[Result "1/2-1/2"]
[Round "7"]
[TimeControl "180+2"]
[Date "2023.07.18"]
[WhiteClock "0:00:11"]
[BlackClock "0:00:12"]
[Board "35"]

1. e4 c5 2. Nf3 Nc6 3. d4 cxd4 4. Nxd4 e5 5. Nb5 d6 6. c4 a6 7. N5c3 Be6 8. Bd3 g6 9. O-O Bg7 10. Nd5 Bxd5 11. cxd5 Nd4 12. Nc3 Ne7 13. f4 exf4 14. Bxf4 O-O 15. Kh1 Qb6 16. Qd2 f5 17. Rae1 fxe4 18. Nxe4 Nxd5 19. Bxd6 Rxf1+ 20. Rxf1 Re8 21. Bc5 Qc6 22. Bxd4 Bxd4 23. Bc2 Qc4 24. Rd1 Rf8 25. Ng3 Rf2 26. Qxd4 Qxd4 27. Rxd4 Rxc2 28. h3 Ne3 29. Rb4 b5 30. a4 bxa4 31. Rxa4 Rxb2 32. Rxa6 Nxg2 33. Ra7 Nf4 34. Ne4 Rb6 35. Kh2 Re6 36. Ng5 Re5 37. h4 h6 38. Nf3 Re3 39. Kg3 Nh5+ 40. Kf2 Re4 41. Ra6 Kg7 42. Ra7+ Kf6 43. Ra6+ Kf5 44. Nh2 Rxh4 45. Ra5+ Kf6 46. Ra6+ Kg7 47. Ra7+ Kg8 48. Ra8+ Kf7 49. Ra7+ Kf6 50. Ra6+ Kf5 51. Ra5+ Kf6 52. Ra6+ 1/2-1/2


[Site "https://www.chess.com"]

[Event "Titled Tuesday Blitz July 18 Early 2023"]
[White "KhalilMousavi98"]
[Black "Al-Tarboush, Ward"]
[BlackFideId "7601450"]
[WhiteElo "2810"]
[BlackElo "2599"]
[Result "1-0"]
[Round "7"]
[TimeControl "180+2"]
[Date "2023.07.18"]
[WhiteClock "0:00:38"]
[BlackClock "0:00:00"]
[Board "36"]

1. e4 c5 2. Nf3 e6 3. g3 Nc6 4. Bg2 d6 5. d4 cxd4 6. Nxd4 Bd7 7. b3 Nf6 8. Bb2 Be7 9. O-O O-O 10. c4 Nxd4 11. Qxd4 e5 12. Qd2 b5 13. Na3 a6 14. Rfd1 Bc6 15. Qe2 Qb6 16. Rac1 h5 17. h3 h4 18. g4 Nd7 19. Nc2 bxc4 20. Ne3 cxb3 21. axb3 Bb5 22. Qe1 Bg5 23. Ba3 Nc5 24. Nd5 Qa7 25. Rc3 Rac8 26. Kh1 Rfd8 27. Bc1 Bxc1 28. Rdxc1 Qb7 29. Qe3 Kf8 30. Qg5 f6 31. Qxh4 Kf7 32. Qh5+ Ke6 33. g5 Be8 34. Qg4+ Kf7 35. gxf6 gxf6 36. Nxf6 Kxf6 37. Rf3+ 1-0


[Site "https://www.chess.com"]

[Event "Titled Tuesday Blitz July 18 Early 2023"]
[White "Pakleza, Zbigniew"]
[Black "Garcia Blanco, Omar"]
[WhiteFideId "1119290"]
[BlackFideId "2287153"]
[WhiteElo "2799"]
[BlackElo "2597"]
[Result "0-1"]
[Round "7"]
[TimeControl "180+2"]
[Date "2023.07.18"]
[WhiteClock "0:00:01"]
[BlackClock "0:00:13"]
[Board "37"]

1. d4 Nf6 2. Nf3 e6 3. Bf4 c5 4. c3 b6 5. Nbd2 cxd4 6. cxd4 Bb7 7. e3 Nc6 8. a3 Be7 9. Bd3 O-O 10. O-O d6 11. Qe2 Rc8 12. h3 d5 13. Rfc1 Bd6 14. Ne5 Bxe5 15. dxe5 Nd7 16. Nf3 h6 17. b4 a5 18. Qb2 Qe7 19. Rab1 axb4 20. axb4 Ncb8 21. Nd4 Nc6 22. Nb5 Ba6 23. Qa3 Bxb5 24. Bxb5 Ncxe5 25. Qa7 Ra8 26. Qc7 Rac8 27. Qxc8 Rxc8 28. Rxc8+ Kh7 29. Rc7 Qd8 30. Rbc1 f6 31. Rb7 Qa8 32. Rcc7 Qa1+ 33. Kh2 Qe1 34. Bxd7 Nf3+ 35. Kg3 Nd2 36. Bxe6 Nf1+ 37. Kg4 Qe2+ 38. Kf5 Qh5+ 39. Bg5 Qxg5# 0-1


[Site "https://www.chess.com"]

[Event "Titled Tuesday Blitz July 18 Early 2023"]
[White "Elsa167"]
[Black "Colas, Joshua"]
[BlackFideId "2044447"]
[WhiteElo "2793"]
[BlackElo "2595"]
[Result "1-0"]
[Round "7"]
[TimeControl "180+2"]
[Date "2023.07.18"]
[WhiteClock "0:00:32"]
[BlackClock "0:00:00"]
[Board "38"]

1. d4 Nf6 2. c4 e6 3. Nf3 b6 4. Bf4 Bb7 5. e3 Bd6 6. Bg5 h6 7. Bh4 O-O 8. Nc3 a6 9. Bd3 Nc6 10. O-O Re8 11. e4 e5 12. d5 Nd4 13. Nxd4 exd4 14. Ne2 g5 15. Bg3 Nxe4 16. Bxd6 Nxd6 17. Nxd4 Qf6 18. Bc2 c5 19. dxc6 dxc6 20. c5 bxc5 21. Nb3 Rad8 22. Nxc5 Bc8 23. Qc1 Qd4 24. Bb3 Ne4 25. Nxe4 Qxe4 26. Qc3 Be6 27. Rae1 Qd4 28. Qxc6 Rc8 29. Qxa6 Bxb3 30. axb3 Kg7 31. Rxe8 Rxe8 32. Qc4 Qxb2 33. f4 Re2 34. Qd5 Rd2 35. Qf3 gxf4 36. Qxf4 Rxg2+ 37. Kh1 Kh8 38. Qxh6+ Kg8 39. Rd1 1-0


[Site "https://www.chess.com"]

[Event "Titled Tuesday Blitz July 18 Early 2023"]
[White "Krzyzanowski, Marcin"]
[Black "Pinero Rodriguez, Carlos Jose"]
[WhiteFideId "1132199"]
[BlackFideId "3901726"]
[WhiteElo "2766"]
[BlackElo "2589"]
[Result "1-0"]
[Round "7"]
[TimeControl "180+2"]
[Date "2023.07.18"]
[WhiteClock "0:00:05"]
[BlackClock "0:00:03"]
[Board "39"]

1. e4 c5 2. Nf3 e6 3. g3 Nc6 4. Bg2 Nf6 5. Qe2 d5 6. exd5 Nxd5 7. O-O Be7 8. Rd1 Nd4 9. Nxd4 cxd4 10. c4 Nf6 11. d3 O-O 12. Nd2 a5 13. Nf3 Qb6 14. Rb1 Rd8 15. b3 Bd7 16. a3 Bc6 17. Re1 Nd7 18. b4 axb4 19. axb4 Bf6 20. g4 h6 21. Bf4 Re8 22. Bg3 Ra4 23. h4 Bxf3 24. Qxf3 Rxb4 25. Qxb7 Qxb7 26. Bxb7 Rxb1 27. Rxb1 Nc5 28. Bc6 Rc8 29. Bb7 Rd8 30. Be4 Nxe4 31. dxe4 Rc8 32. Rc1 e5 33. c5 g5 34. hxg5 hxg5 35. Kf1 Kf8 36. Ke2 Ke7 37. Kd3 Kd7 38. Kc4 Kc6 39. Rb1 Bd8 40. Bxe5 f6 41. Bxd4 Ra8 42. Be3 Ra4+ 43. Rb4 Ra2 44. Rb8 Bc7 45. Rf8 Ra4+ 46. Kb3 Rxe4 47. Rxf6+ Kd5 48. Rf5+ Kc6 49. Rxg5 Kb5 50. Rf5 Ba5 51. g5 Rb4+ 52. Kc2 Rg4 53. Kd3 Kc6 54. Rf6+ Kd5 55. Rd6+ Ke5 56. f4+ Kf5 57. Rf6# 1-0


[Site "https://www.chess.com"]

[Event "Titled Tuesday Blitz July 18 Early 2023"]
[White "Mahdavi, Reza"]
[Black "Krstulovic, Alex"]
[WhiteFideId "12595926"]
[BlackFideId "760056"]
[WhiteElo "2762"]
[BlackElo "2593"]
[Result "0-1"]
[Round "7"]
[TimeControl "180+2"]
[Date "2023.07.18"]
[WhiteClock "0:01:40"]
[BlackClock "0:01:04"]
[Board "40"]

1. e4 c5 2. Nf3 Qa5 3. Na3 a6 4. Nc4 Qc7 5. a4 e6 6. a5 Nc6 7. Nb6 Rb8 8. Be2 Nxa5 9. Nxc8 Rxc8 10. O-O Nc6 11. c3 Nf6 12. d3 Bd6 13. h3 h6 14. Re1 O-O 15. Bf1 Ne5 16. d4 Nxf3+ 17. Qxf3 Be7 18. e5 Nd5 19. Bd3 f5 20. exf6 Bxf6 21. Qe4 c4 22. Bc2 Kf7 23. Bd2 Qd6 24. Re2 Ke7 25. Rae1 Kd8 26. Qg4 Kc7 27. Be4 Kb8 28. Bf3 Ka7 29. Ra1 g5 30. Ra5 Bd8 31. Ra2 Bc7 32. g3 Nf6 0-1


[Site "https://www.chess.com"]

[Event "Titled Tuesday Blitz July 18 Early 2023"]
[White "Dzhumagaliev, Yan"]
[Black "Sargsyan, Anna M."]
[WhiteFideId "24100110"]
[BlackFideId "13308130"]
[WhiteElo "2755"]
[BlackElo "2585"]
[Result "1-0"]
[Round "7"]
[TimeControl "180+2"]
[Date "2023.07.18"]
[WhiteClock "0:01:04"]
[BlackClock "0:01:41"]
[Board "41"]

1. Nf3 d5 2. h4 c5 3. h5 Nc6 4. c3 Bf5 5. d4 e6 6. a3 h6 7. Bf4 Nf6 8. e3 cxd4 9. exd4 Bd6 10. Bxd6 Qxd6 11. Nbd2 O-O 12. Be2 Rfe8 13. Bb5 Nd7 14. Nh4 Bh7 15. O-O Qf4 16. g3 Qg5 17. Kh2 Nf6 18. Be2 e5 19. Ndf3 Qxh5 20. Nxe5 Rxe5 21. Bxh5 Rxh5 22. Kg1 g5 23. Ng2 Be4 24. f3 Bg6 25. Ne3 g4 26. fxg4 Rg5 27. Rxf6 1-0


[Site "https://www.chess.com"]

[Event "Titled Tuesday Blitz July 18 Early 2023"]
[White "Nazari, Arad"]
[Black "Aggelis, Nikolaos"]
[WhiteFideId "12577324"]
[BlackFideId "4213220"]
[WhiteElo "2752"]
[BlackElo "2583"]
[Result "1-0"]
[Round "7"]
[TimeControl "180+2"]
[Date "2023.07.18"]
[WhiteClock "0:00:12"]
[BlackClock "0:00:11"]
[Board "42"]

1. e4 c6 2. Nf3 d5 3. Nc3 dxe4 4. Nxe4 Bg4 5. h3 Bxf3 6. Qxf3 e6 7. b3 Nd7 8. Bb2 Ngf6 9. Nxf6+ Nxf6 10. O-O-O a5 11. a4 Bb4 12. g4 Qe7 13. g5 Nd5 14. Bxg7 Rg8 15. Bf6 Nxf6 16. gxf6 Qf8 17. c3 Bd6 18. Bd3 O-O-O 19. Bxh7 Rh8 20. Be4 Rh4 21. Bc2 Qh6 22. Kb2 Rh8 23. Qe3 Qxf6 24. Rdg1 Kb8 25. Rg2 Bf4 26. Qe2 Qe5 27. Qd3 Kc7 28. Qf3 Bxd2 29. Qxf7+ Kb8 30. Rg3 Rf4 31. Qd7 Rxf2 32. Rd3 Qc7 33. Qxe6 Bg5 34. Qe1 Bh4 35. Qe4 Qf4 36. Qxf4+ Rxf4 37. Re3 Bf6 38. Re4 Rf2 39. Rc4 Rh4 40. Rxh4 Bxh4 41. Kb1 Rf3 42. c4 Kc7 43. Bd1 Rg3 44. Kc2 Kd6 45. Bg4 Kc5 46. Rf1 Kb4 47. Rf3 Rg2+ 48. Kb1 Ka3 49. Bc8 Bg5 50. b4+ Kxb4 51. Bxb7 Kxa4 52. Bxc6+ Kb4 53. Rf5 a4 54. Bxg2 Kb3 55. Rxg5 a3 56. Rg3+ Kb4 57. Ka2 Kc5 58. h4 Kb6 59. h5 Kc5 60. h6 Kb4 61. h7 Kc5 62. h8=Q Kb4 63. Qf8+ Ka4 64. Bc6+ Ka5 65. Qc5+ Ka6 66. Qb5+ Ka7 67. Rg7# 1-0


[Site "https://www.chess.com"]

[Event "Titled Tuesday Blitz July 18 Early 2023"]
[White "Siniauski, Artsiom"]
[Black "realmadridfc123"]
[WhiteFideId "13512269"]
[WhiteElo "2571"]
[BlackElo "2744"]
[Result "1-0"]
[Round "7"]
[TimeControl "180+2"]
[Date "2023.07.18"]
[WhiteClock "0:00:54"]
[BlackClock "0:00:16"]
[Board "43"]

1. e4 e5 2. Nf3 Nc6 3. Bb5 a6 4. Ba4 Nf6 5. Bxc6 dxc6 6. d3 Qe7 7. b3 h6 8. Bb2 Nd7 9. Nbd2 g5 10. Nc4 Bg7 11. Qe2 c5 12. O-O-O b5 13. Ne3 Nb6 14. h4 g4 15. Nd2 h5 16. Ndf1 Bh6 17. Ng3 f6 18. Kb1 Be6 19. Nef5 Qf7 20. Nxh6 Rxh6 21. Qe3 Qf8 22. Ba3 b4 23. Bb2 a5 24. f4 gxf3 25. gxf3 a4 26. f4 axb3 27. axb3 c4 28. dxc4 Bxc4 29. fxe5 fxe5 30. Nf5 Rc6 31. Qg3 Be6 32. Qxe5 Rd6 33. Nxd6+ 1-0


[Site "https://www.chess.com"]

[Event "Titled Tuesday Blitz July 18 Early 2023"]
[White "Goltsev, Dmitry"]
[Black "Guliev, Logman"]
[WhiteFideId "24176710"]
[BlackFideId "13400061"]
[WhiteElo "2740"]
[BlackElo "2573"]
[Result "0-1"]
[Round "7"]
[TimeControl "180+2"]
[Date "2023.07.18"]
[WhiteClock "0:00:00"]
[BlackClock "0:00:28"]
[Board "44"]

1. e4 c5 2. Nf3 d6 3. d4 cxd4 4. Nxd4 Nf6 5. Nc3 Nc6 6. f3 e5 7. Nb3 Be7 8. Be3 O-O 9. Be2 a5 10. Nd5 a4 11. Nd2 a3 12. b3 Nxd5 13. exd5 Nb4 14. c4 Bg5 15. Bxg5 Qxg5 16. O-O Bf5 17. Kh1 Nc2 18. f4 exf4 19. Nf3 Qf6 20. Rc1 Ne3 21. Qd2 Nxf1 22. Rxf1 Rfe8 23. Nd4 Re4 24. Rxf4 Rxf4 25. Qxf4 Bb1 26. Qxf6 gxf6 27. h4 Bxa2 28. Bd3 Re8 29. Nc2 Bb1 30. Bxh7+ Kxh7 31. Nxa3 Re1+ 32. Kh2 Be4 33. Nb5 Re2 34. Kg3 Rxg2+ 35. Kf4 Bc2 36. Nxd6 Bxb3 37. Kf5 Rf2+ 38. Ke4 Rc2 39. Kd4 b6 40. Kd3 Rc1 41. Kd2 Rxc4 42. Nxf7 Rc7 0-1


[Site "https://www.chess.com"]

[Event "Titled Tuesday Blitz July 18 Early 2023"]
[White "Mamedov, Edgar"]
[Black "Dehtiarov, Roman"]
[WhiteFideId "13739980"]
[BlackFideId "14186640"]
[WhiteElo "2570"]
[BlackElo "2738"]
[Result "1-0"]
[Round "7"]
[TimeControl "180+2"]
[Date "2023.07.18"]
[WhiteClock "0:00:06"]
[BlackClock "0:00:10"]
[Board "45"]

1. d4 Nf6 2. Bg5 d5 3. Bxf6 gxf6 4. e3 c5 5. dxc5 Nc6 6. c4 dxc4 7. Nd2 e5 8. Bxc4 Bxc5 9. Ngf3 Qe7 10. O-O Rg8 11. Ne4 Bh3 12. Ng3 Bg4 13. h3 Be6 14. Bxe6 fxe6 15. Rc1 Rxg3 16. fxg3 Bxe3+ 17. Kh2 Bxc1 18. Qxc1 O-O-O 19. a3 e4 20. Nh4 f5 21. b4 Kb8 22. Qf4+ Qc7 23. Qg5 Nd4 24. Rc1 Qd6 25. Qe3 Nc6 26. Kh1 Ne5 27. g4 Nd3 28. Rf1 fxg4 29. Qxe4 gxh3 30. gxh3 Ne5 31. Re1 Nc6 32. Ng2 Qd3 33. Qxe6 Qd7 34. Qxd7 Rxd7 35. Re3 Rd1+ 36. Kh2 Kc7 37. Nf4 a6 38. Ne6+ Kb6 39. Nc5 a5 40. Na4+ Kb5 41. Nc3+ Kc4 42. Nxd1 axb4 43. axb4 Kxb4 44. Re4+ Kc5 45. Rh4 b5 46. Rxh7 b4 47. Rb7 Na5 48. Rb8 Nc6 49. Rb7 Na5 50. Rc7+ Kb6 51. Rc2 b3 52. Rg2 Kc5 53. h4 Nc4 54. h5 Ne5 55. h6 Nf3+ 56. Kh1 Ne1 57. h7 b2 58. Nxb2 Nxg2 59. Kxg2 Kd4 60. h8=Q+ Ke3 61. Qe5+ Kd2 62. Kf2 Kc1 63. Ke2 Kb1 64. Nd3 Kc2 65. Qb2# 1-0


[Site "https://www.chess.com"]

[Event "Titled Tuesday Blitz July 18 Early 2023"]
[White "Garv Gaur"]
[Black "Preotu, Razvan"]
[WhiteFideId "45030839"]
[BlackFideId "2613280"]
[WhiteElo "2565"]
[BlackElo "2737"]
[Result "1/2-1/2"]
[Round "7"]
[TimeControl "180+2"]
[Date "2023.07.18"]
[WhiteClock "0:00:26"]
[BlackClock "0:00:04"]
[Board "46"]

1. Nf3 c5 2. c4 Nf6 3. Nc3 d5 4. cxd5 Nxd5 5. d3 Nc6 6. g3 g6 7. Bg2 Bg7 8. Bd2 O-O 9. O-O Nc7 10. Rc1 b6 11. Qc2 Ne6 12. Qb1 Bb7 13. Be3 Qd7 14. Ne4 Ned4 15. Bxd4 Nxd4 16. Nxd4 Bxd4 17. Rfd1 Rfd8 18. b4 cxb4 19. Qxb4 Rac8 20. e3 Bg7 21. d4 Kf8 22. Qa3 Qd5 23. f3 Bh6 24. Nf2 Qd6 25. Qxd6 exd6 26. f4 Rxc1 27. Rxc1 Rc8 28. Nd3 Rxc1+ 29. Nxc1 Bxg2 30. Kxg2 d5 31. Nd3 Ke7 32. Ne5 Ke6 33. Nc6 a5 34. a4 f6 35. Kf3 Kd6 36. Na7 f5 37. Ke2 Bf8 38. Kd3 h5 39. h4 Kc7 40. Nb5+ Kd7 41. Nc3 Kc6 42. Nb5 Bb4 43. Ke2 Kd7 44. Na7 Bd6 45. Nb5 Be7 46. Kd3 Kc6 47. Na7+ Kd7 48. Nb5 Kc6 49. Na7+ Kd7 50. Nb5 1/2-1/2


[Site "https://www.chess.com"]

[Event "Titled Tuesday Blitz July 18 Early 2023"]
[White "Ezat, Mohamed"]
[Black "Amilal Munkhdalai"]
[WhiteFideId "10600906"]
[BlackFideId "4903250"]
[WhiteElo "2556"]
[BlackElo "2717"]
[Result "0-1"]
[Round "7"]
[TimeControl "180+2"]
[Date "2023.07.18"]
[WhiteClock "0:00:00"]
[BlackClock "0:00:05"]
[Board "47"]

1. d4 Nf6 2. c4 e6 3. Nc3 Bb4 4. e3 c5 5. a3 Bxc3+ 6. bxc3 Nc6 7. Bd3 b6 8. Ne2 Na5 9. O-O Ba6 10. e4 Bxc4 11. Bg5 h6 12. Bh4 g5 13. Bg3 Bxd3 14. Qxd3 d5 15. exd5 c4 16. Qc2 Nxd5 17. Rae1 Qd7 18. Be5 Rg8 19. Ng3 O-O-O 20. Ne4 Kb7 21. Qb2 Ka8 22. Nf6 Nxf6 23. Bxf6 Rc8 24. f4 gxf4 25. Rxf4 Nc6 26. Qf2 Qd5 27. Rf3 Rg6 28. Bh4 Rcg8 29. Bg3 f5 30. Rfe3 Nd8 31. Qf4 Nc6 32. R3e2 h5 33. Qh4 Rg4 34. Qh3 f4 35. Bh4 f3 36. Rf2 Rxg2+ 37. Kh1 Rxf2 38. Bxf2 Rg2 39. Qh4 Kb7 40. Rf1 Qf5 41. Bg3 Qd3 42. Re1 Re2 43. Rg1 Rd2 0-1


[Site "https://www.chess.com"]

[Event "Titled Tuesday Blitz July 18 Early 2023"]
[White "robertoalejandro10"]
[Black "Rychagov, Andrey"]
[BlackFideId "4119932"]
[WhiteElo "2556"]
[BlackElo "2693"]
[Result "0-1"]
[Round "7"]
[TimeControl "180+2"]
[Date "2023.07.18"]
[WhiteClock "0:00:00"]
[BlackClock "0:00:41"]
[Board "48"]

1. Nf3 d5 2. b3 c6 3. Bb2 Bg4 4. g3 Nd7 5. Bg2 Ngf6 6. O-O e6 7. d3 Be7 8. Nbd2 O-O 9. c4 a5 10. a3 b5 11. Ra2 bxc4 12. bxc4 a4 13. Qa1 Nc5 14. h3 Bxf3 15. Nxf3 Nb3 16. Qd1 Qc7 17. Qc2 Rfc8 18. Bc1 Nd7 19. Be3 Bc5 20. Bxc5 Ndxc5 21. Rb2 d4 22. Rfb1 e5 23. Nd2 Nxd2 24. Qxd2 Nb3 25. Rxb3 axb3 26. Rxb3 Rcb8 27. Qb2 g6 28. Bf3 h5 29. h4 Kg7 30. Kg2 f5 31. c5 Rxb3 32. Qxb3 Re8 33. e3 e4 34. Be2 dxe3 35. fxe3 exd3 36. Qxd3 Qe5 37. Kf2 Qxc5 38. Qd7+ Re7 39. Qd3 Qd5 40. Qc3+ Qe5 41. Qd3 c5 42. a4 c4 43. Qxc4 Qxe3+ 44. Kf1 Qxg3 45. a5 Rc7 46. Qd4+ Kh7 47. a6 Qa3 48. Kf2 Qc5 49. Qxc5 Rxc5 50. Ke3 Ra5 51. Kd4 f4 52. Ke4 Ra4+ 53. Ke5 f3 54. a7 fxe2 0-1


[Site "https://www.chess.com"]

[Event "Titled Tuesday Blitz July 18 Early 2023"]
[White "Itgelt, Khuyagtsogt"]
[Black "Hajiyev, Kanan"]
[WhiteFideId "4902912"]
[BlackFideId "13404148"]
[WhiteElo "2685"]
[BlackElo "2555"]
[Result "1/2-1/2"]
[Round "7"]
[TimeControl "180+2"]
[Date "2023.07.18"]
[WhiteClock "0:00:08"]
[BlackClock "0:00:21"]
[Board "49"]

1. d4 a6 2. a4 d5 3. Nf3 Nf6 4. c4 c6 5. b3 Bf5 6. Nbd2 e6 7. g3 Bb4 8. Ba3 Bxa3 9. Rxa3 Qe7 10. c5 a5 11. Ra1 O-O 12. Bg2 Ne4 13. Nh4 Na6 14. Nxe4 Bxe4 15. f3 Bg6 16. O-O Bh5 17. f4 Nb4 18. Qd2 f5 19. Bf3 Bf7 20. Bg2 Bh5 21. Bf3 Bg4 22. Rac1 Rac8 23. Qe3 Qf6 24. Ng2 Bh3 25. Rfd1 Bxg2 26. Bxg2 Rf7 27. Rc3 Na2 28. Rc2 Nb4 29. Rc3 h6 30. Qf2 Kh7 31. Re3 Rg8 32. Re5 Re7 33. Rf1 Rge8 34. h3 Rf7 35. Kh2 Qd8 36. Bf3 b6 37. Rc1 bxc5 38. Rxc5 Qb6 39. g4 fxg4 40. Bxg4 Ref8 41. Bxe6 Rxf4 42. Bf5+ R8xf5 43. Rxf5 Rxf2+ 44. Rxf2 Na6 45. Rc3 Qxd4 46. Rcf3 Nc5 47. Rg2 Ne4 48. Kh1 Qa1+ 49. Kh2 Qe5+ 50. Kh1 Ng3+ 51. Rfxg3 g5 52. Rf3 Kg6 53. Rd3 Qa1+ 54. Kh2 Qe5+ 55. Kh1 Qe4 56. Rf3 Qb1+ 57. Rg1 Qe4 58. Rg2 c5 59. Kg1 c4 60. bxc4 dxc4 61. Kf2 Qd4+ 62. e3 Qa1 63. Kg3 Qe1+ 64. Kh2 c3 65. Rff2 Qxe3 66. Re2 Qf4+ 67. Kh1 Qxa4 68. Re6+ Kh5 69. Ree2 Qd1+ 70. Kh2 Qd6+ 71. Kh1 a4 72. Ref2 Qd1+ 73. Kh2 Qd6+ 74. Kh1 a3 75. Ra2 Qd1+ 76. Kh2 Qd6+ 77. Kh1 Qd5 78. Rc2 Qd3 79. Kh2 Kh4 80. Rg4+ Kh5 81. Rgg2 Kg6 82. Ra2 Kf5 83. Rgf2+ Ke4 84. Rfe2+ Qxe2+ 85. Rxe2+ Kd3 86. Ra2 c2 87. Rxa3+ Kd2 88. Ra2 Kd1 89. Rxc2 Kxc2 90. Kg3 Kd3 91. Kg4 Ke4 92. Kh5 Kf4 93. Kxh6 g4 94. hxg4 Kxg4 1/2-1/2


[Site "https://www.chess.com"]

[Event "Titled Tuesday Blitz July 18 Early 2023"]
[White "Jimenez Almeida, Luis David"]
[Black "Nouri, Alekhine"]
[WhiteFideId "22242244"]
[BlackFideId "5216184"]
[WhiteElo "2543"]
[BlackElo "2683"]
[Result "1/2-1/2"]
[Round "7"]
[TimeControl "180+2"]
[Date "2023.07.18"]
[WhiteClock "0:00:06"]
[BlackClock "0:00:06"]
[Board "50"]

1. e4 c5 2. Nc3 Nc6 3. Nge2 g6 4. g3 Bg7 5. d3 d6 6. Be3 Nf6 7. h3 O-O 8. Qd2 Rb8 9. a4 a6 10. Bg2 b5 11. axb5 axb5 12. O-O b4 13. Nd1 Bb7 14. Bh6 Ra8 15. Rxa8 Qxa8 16. Bxg7 Kxg7 17. Ne3 Qa2 18. b3 Ba6 19. Kh2 Bb5 20. g4 Nd7 21. Nd5 e6 22. Nc7 Rb8 23. Ng3 Nd4 24. Nxb5 Rxb5 25. Qg5 f6 26. Nh5+ Kf7 27. Qh6 gxh5 28. Qxh7+ Ke8 29. gxh5 Qxc2 30. Qg6+ Kd8 31. h6 Kc7 32. h7 Rb8 33. Qg8 Rxg8 34. hxg8=Q Qxb3 35. Ra1 Nc6 36. e5 d5 37. exf6 Qc3 38. Re1 Qxf6 39. Rxe6 Qf4+ 40. Qg3 Qxg3+ 41. Kxg3 Nb6 42. h4 b3 43. Re1 c4 44. dxc4 dxc4 45. h5 Nd4 46. Be4 Nd7 47. Rc1 Ne5 48. Kg2 b2 49. Rd1 c3 50. Rxd4 Kb6 51. Rb4+ Kc5 52. Rb8 Kd4 53. Bc2 Nc4 54. Rd8+ Kc5 55. h6 Na3 56. Be4 c2 57. Bxc2 Nxc2 58. Rb8 Nb4 59. Rc8+ Kb6 60. h7 b1=Q 61. h8=Q Qg6+ 62. Kf1 Qd3+ 63. Kg1 Qg6+ 64. Kh1 Qe4+ 65. Kg1 Qg4+ 66. Kh2 Qf4+ 67. Kg2 Qg4+ 68. Kh2 Qf4+ 69. Kg1 Qg4+ 70. Kf1 Qd1+ 71. Kg2 Qg4+ 72. Kh1 Qe4+ 73. Kg1 Qg4+ 1/2-1/2


[Site "https://www.chess.com"]

[Event "Titled Tuesday Blitz July 18 Early 2023"]
[White "Tica, Sven"]
[Black "AyMitecK"]
[WhiteFideId "14526948"]
[WhiteElo "2682"]
[BlackElo "2541"]
[Result "1-0"]
[Round "7"]
[TimeControl "180+2"]
[Date "2023.07.18"]
[WhiteClock "0:00:59"]
[BlackClock "0:01:25"]
[Board "51"]

1. Nf3 Nf6 2. g3 e6 3. Bg2 d5 4. O-O Bd6 5. d3 h6 6. Nbd2 O-O 7. e4 dxe4 8. dxe4 e5 9. Nc4 Nc6 10. Qe2 Qe7 11. c3 Bc5 12. h3 a6 13. a4 Rb8 14. b4 Ba7 15. b5 Nd8 16. Nfxe5 Re8 17. Rd1 Ne6 18. Nd3 Nc5 19. e5 Nxd3 20. Qxd3 Nd7 21. Re1 Nc5 22. Qc2 Be6 23. Ne3 Bb3 24. Qe2 Bxa4 25. bxa6 bxa6 26. Nd5 Qd8 27. Rxa4 Nxa4 28. Qg4 Nc5 29. Bxh6 Ne6 30. Be4 Kf8 31. Qh5 c6 32. Bxg7+ Kxg7 33. Qh7+ Kf8 34. Qh8# 1-0


[Site "https://www.chess.com"]

[Event "Titled Tuesday Blitz July 18 Early 2023"]
[White "Marosi, Levente"]
[Black "Aaditya Dhingra"]
[WhiteFideId "747181"]
[BlackFideId "25678191"]
[WhiteElo "2533"]
[BlackElo "2682"]
[Result "1/2-1/2"]
[Round "7"]
[TimeControl "180+2"]
[Date "2023.07.18"]
[WhiteClock "0:00:13"]
[BlackClock "0:00:51"]
[Board "52"]

1. e4 e6 2. d4 d5 3. Nd2 c5 4. exd5 Qxd5 5. Ngf3 cxd4 6. Bc4 Qd7 7. O-O Nc6 8. Nb3 a6 9. Nbxd4 Nxd4 10. Nxd4 Qc7 11. Bb3 Nf6 12. Re1 Be7 13. Qf3 O-O 14. Bf4 Qb6 15. Rad1 Bd7 16. Nf5 Bb4 17. c3 exf5 18. cxb4 Rfe8 19. Rxe8+ Rxe8 20. h3 Qxb4 21. Kh2 Bc6 22. Qg3 Nh5 23. Bd6 Nxg3 24. Bxb4 Ne4 25. f3 Nf6 26. Bc3 Nd7 27. Kg1 h6 28. Kf2 Nc5 29. Bd5 Rc8 30. Bxc6 Rxc6 31. Rd5 f4 32. Rd4 Ne6 33. Rd7 b5 34. a3 Rc7 35. Rd6 Ra7 36. h4 Kh7 37. h5 a5 38. Rb6 b4 39. axb4 axb4 40. Rxb4 Rd7 41. Rb5 g6 42. hxg6+ fxg6 43. Rb8 g5 44. Rh8+ Kg6 45. Rg8+ Kf5 46. Rh8 Kg6 47. Rg8+ Kf5 48. Rh8 Kg6 1/2-1/2


[Site "https://www.chess.com"]

[Event "Titled Tuesday Blitz July 18 Early 2023"]
[White "Shuvalova, Polina"]
[Black "Garakov, Mikhael"]
[WhiteFideId "24171760"]
[BlackFideId "4169034"]
[WhiteElo "2661"]
[BlackElo "2533"]
[Result "1-0"]
[Round "7"]
[TimeControl "180+2"]
[Date "2023.07.18"]
[WhiteClock "0:00:07"]
[BlackClock "0:00:06"]
[Board "53"]

1. f4 g6 2. e4 c5 3. Nf3 Bg7 4. Bc4 Nc6 5. O-O d6 6. d3 Nf6 7. a3 O-O 8. Nc3 Bg4 9. h3 Bxf3 10. Qxf3 Nd4 11. Qf2 Rb8 12. Be3 b5 13. Ba2 b4 14. axb4 Rxb4 15. Bc1 Qb8 16. Bc4 Rxb2 17. Bxb2 Qxb2 18. Ne2 Nh5 19. Ra2 Nxe2+ 20. Qxe2 Qd4+ 21. Kh2 Nxf4 22. Rxf4 Be5 23. g3 Rb8 24. Qf2 Bxf4 25. Qxd4 Bxg3+ 26. Kxg3 cxd4 27. Rxa7 e6 28. Rd7 Rb6 29. h4 h6 30. Kf4 Kg7 31. Bb3 Kf6 32. Rd8 g5+ 33. hxg5+ hxg5+ 34. Kg4 Rb5 35. Rxd6 Ra5 36. Rxd4 Ra1 37. Rd8 Ke5 38. Kxg5 Rg1+ 39. Kh6 Kf6 40. Kh5 Ke5 41. Rf8 f5 42. Re8 f4 43. Rxe6+ Kd4 44. Rf6 Ke3 45. e5 Rh1+ 46. Kg4 Rg1+ 47. Kh4 f3 48. e6 f2 49. e7 f1=Q 50. Rxf1 Rxf1 51. e8=Q+ Kd2 52. Qe4 Kc3 53. Qe2 Rh1+ 54. Kg3 Rg1+ 55. Kf2 Rh1 56. Qe5+ Kd2 57. Qg5+ Kc3 58. Qc5+ Kd2 59. Qb4+ Kc1 60. Qa3+ Kd2 61. Qa5+ Kd1 62. Qa1+ Kd2 63. Qxh1 1-0


[Site "https://www.chess.com"]

[Event "Titled Tuesday Blitz July 18 Early 2023"]
[White "Schwabeneder, Florian"]
[Black "LeoLV10"]
[WhiteFideId "1626191"]
[WhiteElo "2657"]
[BlackElo "2530"]
[Result "0-1"]
[Round "7"]
[TimeControl "180+2"]
[Date "2023.07.18"]
[WhiteClock "0:00:02"]
[BlackClock "0:00:04"]
[Board "54"]

1. Nf3 Nf6 2. g3 g6 3. b3 Bg7 4. Bb2 O-O 5. Bg2 d6 6. d4 Re8 7. O-O Nbd7 8. c4 c6 9. Nc3 Qc7 10. e4 e5 11. Re1 a6 12. Rc1 b6 13. h3 Bb7 14. Qd2 Rad8 15. d5 c5 16. Rf1 Nh5 17. Ne1 Bc8 18. Nd3 Nf8 19. g4 Nf6 20. f4 exf4 21. Qxf4 h6 22. Ne2 N8d7 23. Ng3 Ne5 24. Nxe5 dxe5 25. Qe3 Rd6 26. a3 Kh7 27. b4 Ng8 28. bxc5 bxc5 29. Rb1 Bf6 30. Qf2 Kg7 31. Bc1 Bh4 32. Nh5+ gxh5 33. Qxh4 hxg4 34. hxg4 Rg6 35. Rf5 Qa5 36. Be3 Qc3 37. Qf2 Bxf5 38. gxf5 Rg4 39. Qf3 Rxg2+ 40. Qxg2+ Kh7 41. Qd2 Qxc4 42. Rb7 Rf8 43. Qg2 Nf6 44. Qf3 Rg8+ 45. Kh2 Qc2+ 46. Kh3 Rg7 47. Bf2 Nxe4 48. Bh4 Qc1 49. f6 Nxf6 50. Qxf6 Qh1# 0-1


[Site "https://www.chess.com"]